 Dungeon Crawl Stone Soup version 0.27.1-37-g7b29ead8ac (console) character file.

Game seed: 6914145129029260966

8933 grimtooth the Zephyrmancer (level 10, -3/91 HPs)
             Began as a Demigod Air Elementalist on Dec 23, 2023.
             Slain by a sixfirhy (9 damage)
             ... on level 1 of the Abyss.
             The game lasted 01:19:48 (13791 turns).

grimtooth the Zephyrmancer (DgAE)                  Turns: 13791, Time: 01:19:49

Health: -3/91      AC: 19    Str: 19    XL:     10   Next: 95%
Magic:  15/21      EV: 11    Int: 25    God:
Gold:   589        SH:  0    Dex: 21    Spells: 4/19 levels left

rFire    + . .     SeeInvis .   a - +5 dagger of Radicalism {freeze, Dex+7}
rCold    . . .     Faith    .   (no shield)
rNeg     . . .     Spirit   .   s - +4 ring mail "Zanuf" {rPois rF+}
rPois    +         Reflect  .   g - +0 helmet
rElec    .         Harm     .   j - +2 cloak {Stlth+}
rCorr    .         Rampage  .   x - +0 pair of gloves
Will     +....                  y - +0 pair of boots
Stlth    +++.......             (no amulet)
HPRegen  0.25/turn              q - +4 ring of protection
MPRegen  0.17/turn              l - ring "Cenelusiuf" {*Slow +Blink Str+6 Slay+2}

@: slowed, very slow
A: high mp 1, forlorn
a: Evoke Blink


You were on level 1 of the Abyss.
You visited 1 branch of the dungeon, and saw 10 of its levels.
You visited the Abyss 1 time.
You also visited: Bailey.

You collected 589 gold pieces.

Inventory:

Hand Weapons
 a - the +5 dagger of Radicalism (weapon) {freeze, Dex+7}
   (You found it on level 7 of the Dungeon)

   It freezes those it strikes, dealing additional cold damage.
   It can also slow down cold-blooded creatures.
   Dex:       It affects your dexterity (+7).
 v - a +2 whip of venom
Missiles
 b - 41 sling bullets
 c - 25 stones
 k - 37 poisoned darts (quivered)
 n - a throwing net {=f}
 t - 7 javelins
 F - 33 boomerangs
Armour
 g - a +0 helmet (worn)
 j - a +2 cloak of stealth (worn)
 s - the +4 ring mail "Zanuf" (worn) {rPois rF+}
   (You found it on level 5 of the Dungeon)

   rF:        It protects you from fire.
   rPois:     It protects you from poison.
 w - a +0 robe of cold resistance
 x - a +0 pair of gloves (worn)
 y - a +0 pair of boots (worn)
Magical Staves
 J - a staff of poison
Jewellery
 l - the ring "Cenelusiuf" (right hand) {*Slow +Blink Str+6 Slay+2}
   (You acquired it on level 8 of the Dungeon)

   [ring of strength]

   Str:       It affects your strength (+6).
   Slay:      It affects your accuracy & damage with ranged weapons and melee
   (+2).
   +Blink:    It lets you blink.
   *Slow:     It may slow you when you take damage.
 q - a +4 ring of protection (left hand)
 r - a ring of resist corrosion
 u - a ring of see invisible
 H - a ring of ice
Wands
 m - a wand of acid (7)
Scrolls
 f - a scroll of enchant armour
 o - a scroll of vulnerability {unknown}
 z - 2 scrolls of blinking {unknown}
 B - 2 scrolls of noise {unknown}
 D - 2 scrolls of fog {unknown}
 G - a scroll of summoning {unknown}
Potions
 d - 2 potions of might
 e - 3 potions of curing
 h - 4 potions of lignification
 i - a potion of invisibility
 p - a potion of mutation {unknown}
 A - a potion of brilliance
 C - a potion of attraction
 E - 6 potions of heal wounds {unknown}
 I - a potion of magic
Miscellaneous
 L - a lightning rod (3/4)


   Skills:
 - Level 9.0 Fighting
 - Level 1.7 Dodging
 - Level 1.7 Stealth
 + Level 5.0 Spellcasting
 + Level 5.7 Conjurations
 - Level 12.0 Air Magic


You had 4 spell levels left.
You knew the following spells:

 Your Spells              Type           Power      Damage    Failure   Level
a - Shock                 Conj/Air       100%       1d9       1%          1
b - Static Discharge      Conj/Air       50%        N/A       1%          2
c - Lightning Bolt        Conj/Air       25%        1d41      11%         5
d - Airstrike             Air            30%        N/A       1%          4
s - Swiftness             Air            60%        N/A       1%          3

Your spell library contained the following spells:

 Spells                   Type           Power      Damage    Failure   Level
 Corpse Rot               Necr/Air       N/A        N/A       1%          2
 Poisonous Vapours        Pois/Air       72%        N/A       1%          2
 Sting                    Tmut/Pois      24%        1d4       14%         1
 Animate Dead             Necr           3%         N/A       80%         4
 Cause Fear               Hex            3%         N/A       80%         4
 Olgreb's Toxic Radiance  Pois           6%         N/A       80%         4
 Freezing Cloud           Conj/Ice/Air   17%        6-21      34%         5
 Borgnjor's Vile Clutch   Necr/Erth      3%         N/A       98%         5
 Death Channel            Necr           3%         N/A       100%        6
 Dragon Form              Tmut           3%         N/A       100%        7
 Maxwell's Capacitive Co  Air            30%        ∞         100%        8
 Dragon's Call            Summ           3%         N/A       100%        9


Dungeon Overview and Level Annotations

Branches:
Dungeon (10/15)            Temple (0/1) D:5          Bailey (visited)
   Lair: D:8-11         Orc: D:9-12

Shops:
D:2 :

Annotations:
D:2 dig
D:8 exclusion: death yak
D:9 exclusion: two-headed ogre, Erolcha
D:10 exclusion: vampire, Maggie


Innate Abilities, Weirdness & Mutations

Your attributes grow dramatically as you level up.
You have an increased reservoir of magic. (+10% MP)
You shall have no god before yourself.


Message History

The sixfirhy is heavily wounded.
The sixfirhy hits you but does no damage.
The sixfirhy hits you.
You feel yourself slow down. The sixfirhy shocks you!
You miss the sixfirhy.
The sixfirhy is heavily wounded.
The sixfirhy hits you but does no damage.
The sixfirhy hits you.
You feel as though you will be slow longer.
The sixfirhy shocks you! The sixfirhy closely misses you. x3
The small abomination hits you. The sixfirhy closely misses you.
Okay, then.
Press: ? - help, v - describe, . - travel
Here: a sixfirhy (heavily wounded)
The floor.
You fail to use your ability.
The small abomination hits you.
* * * LOW HITPOINT WARNING * * *
The small abomination hits you.
* * * LOW HITPOINT WARNING * * *
Unknown command.
You blink. 2 raiju come into view.
The raiju barks!
You hear a bark!
A raiju comes into view.
A large abomination comes into view.
The sixfirhy hits you!
* * * LOW HITPOINT WARNING * * *
The sixfirhy shocks you!
* * * LOW HITPOINT WARNING * * *
Enter note: - well shit
Aiming: Corrosive Bolt
Press: ? - help, Shift-Dir - straight line, f - small abomination, p - sixfirhy
Aim: a small abomination (75% to hit)
The bolt of acid hits the sixfirhy!
The sixfirhy is splashed with acid.
The acid corrodes the sixfirhy!
The sixfirhy is severely wounded.
The bolt of acid misses the small abomination.
The raiju barks! x2
The sixfirhy barely misses you. x2; The sixfirhy hits you.
* * * LOW HITPOINT WARNING * * *
The sixfirhy shocks you!
You die...

..# .#. . # .#.
.# # .. .. .. .
.#.... . . ..
#..##. # .## ..
.# #h.># #...##.
. .#hh.### # .##
. [#...#.#.#.. .
##.. X(.#..###...
. . #.... #
..#..# .#
##..#.###.....###
#.@.##_#........
#..#3.....#
#.##.. .. ....
#.....#....# .
.#.. #..#.#.#
.#.... .# #.
#x.####...... ##
. # #..#.# #..
#... #..##.# #.#
.#. . .... #. ##
## *# ##.... # .
# #..#.# #..... #


You could see a large abomination, a sixfirhy (corroded), 3 raiju and a small
abomination.

Vanquished Creatures
  3 two-headed ogres
  Nergalle (D:10)
  A worldbinder (Abyss:1)
  An unseen horror (D:10)
  A hornet (D:9)
  A shadow (D:9)
  A yak (D:10)
  A vampire (D:10)
  A small abomination (Abyss:1)
  A steam dragon (D:6)
  A water moccasin (D:7)
  4 orc warriors
  An ice beast (D:7)
  2 sky beasts
  A black bear (D:8)
  A necrophage (D:4)
  An ogre (D:6)
  4 centaurs
  4 bullfrogs
  A water moccasin zombie (D:5)
  10 killer bees (D:8)
  3 wights (D:8)
  A centaur skeleton (D:7)
  2 gnoll shamans (D:6)
  An orc priest (D:10)
  A jelly (D:4)
  7 orc wizards
  2 iguanas
  2 hound skeletons
  2 howler monkey zombies
  14 gnolls
  5 adders
  A shadow imp (D:8)
  2 white imps
  2 ufetubi
  A worm (D:3)
  9 dart slugs
  32 orcs
  8 ball pythons
  6 bats
  7 endoplasms
  3 giant cockroaches
  14 goblins
  10 hobgoblins
  4 jackals (D:1)
  28 kobolds
  2 quokkas
  7 frilled lizards
  A rat (D:2)
219 creatures vanquished.

Notes
Turn   | Place    | Note
-------+----------+-------------------------------------------
     0 | D:1      | grimtooth the Demigod Air Elementalist began the quest for
                  | the Orb.
     0 | D:1      | Reached XP level 1. HP: 14/14 MP: 5/5
    58 | D:1      | Reached skill level 1 in Conjurations
   155 | D:1      | Reached skill level 3 in Air Magic
   327 | D:1      | Reached XP level 2. HP: 20/20 MP: 4/7
  1007 | D:1      | Reached XP level 3. HP: 26/26 MP: 5/8
  1264 | D:1      | Learned a level 3 spell: Swiftness
  1333 | D:2      | Found Afiwyudd's Book Shop.
  1779 | D:2      | Reached skill level 4 in Air Magic
  2164 | D:2      | Reached XP level 4. HP: 33/33 MP: 7/9
  2816 | D:2      | Learned a level 2 spell: Static Discharge
  4329 | D:4      | Reached XP level 5. HP: 38/38 MP: 7/10
  4455 | D:4      | Noticed a necrophage
  4462 | D:4      | Killed a necrophage
  4463 | D:4      | Reached skill level 5 in Air Magic
  5437 | D:4      | Reached XP level 6. HP: 45/45 MP: 9/11
  5576 | D:5      | Entered Level 5 of the Dungeon
  5582 | D:5      | Reached skill level 6 in Air Magic
  6089 | D:5      | Found a staircase to the Ecumenical Temple.
  6162 | D:5      | Identified the +4 ring mail "Zanuf" {rPois rF+}
  6765 | D:6      | Noticed a steam dragon
  6951 | D:6      | Reached XP level 7. HP: 50/50 MP: 2/13
  7645 | D:6      | Killed a steam dragon
  7646 | D:6      | Reached skill level 7 in Air Magic
  7902 | D:6      | Learned a level 4 spell: Airstrike
  8242 | D:7      | Identified the +5 dagger of Radicalism {freeze, Dex+7}
  8278 | D:7      | Reached skill level 8 in Air Magic
  8343 | D:7      | Reached XP level 8. HP: 57/57 MP: 10/15
  8773 | D:7      | Reached skill level 9 in Air Magic
  8773 | D:7      | Reached skill level 1 in Fighting
  9038 | D:8      | Noticed a death yak
  9235 | D:8      | Found a flagged portal.
  9283 | Bailey   | Entered a bailey
  9294 | Bailey   | Noticed an orc warlord
  9295 | Bailey   | - oh good loot i think
  9602 | Bailey   | Found a runed translucent gate.
  9610 | Bailey   | Found a runed translucent gate.
  9666 | Bailey   | Found a runed translucent gate.
  9708 | Bailey   | - oh come on
  9778 | Bailey   | - not looking good
 10210 | D:8      | Reached skill level 10 in Air Magic
 10210 | D:8      | Reached XP level 9. HP: 83/83 MP: 17/17
 10211 | D:8      | Acquired the ring "Cenelusiuf" {*Slow +Blink Str+6 Slay+2}
 10319 | D:8      | Reached skill level 11 in Air Magic
 10848 | D:8      | Noticed a death yak
 11241 | D:9      | - well thats handy
 11250 | D:9      | Noticed a two-headed ogre
 11254 | D:9      | - wow this hornet is a real problem
 11257 | D:9      | Reached XP level 10. HP: 10/91 MP: 9/18
 11599 | D:9      | Noticed a two-headed ogre
 11607 | D:9      | Killed a two-headed ogre
 12009 | D:9      | Killed a two-headed ogre
 12736 | D:9      | Noticed Erolcha
 12834 | D:9      | Noticed a two-headed ogre
 12900 | D:10     | Entered Level 10 of the Dungeon
 12948 | D:10     | Noticed a two-headed ogre
 12974 | D:10     | Killed a two-headed ogre
 12975 | D:10     | Reached skill level 5 in Conjurations
 13329 | D:10     | Noticed Maggie
 13441 | D:10     | - flippin alarms
 13481 | D:10     | Noticed Nergalle
 13492 | D:10     | Killed Nergalle
 13500 | D:10     | - ooh bad timing
 13506 | D:10     | Reached skill level 12 in Air Magic
 13506 | D:10     | Cast into level 1 of the Abyss (Maggie)
 13649 | Abyss:1  | Noticed a sixfirhy
 13662 | Abyss:1  | Learned a level 5 spell: Lightning Bolt
 13670 | Abyss:1  | Noticed a starcursed mass
 13732 | Abyss:1  | Noticed a worldbinder
 13747 | Abyss:1  | Noticed a starcursed mass
 13747 | Abyss:1  | Noticed a glowing orange brain
 13749 | Abyss:1  | Noticed a tentacled starspawn
 13760 | Abyss:1  | Killed a worldbinder
 13761 | Abyss:1  | Reached skill level 5 in Spellcasting
 13765 | Abyss:1  | Noticed a wretched star
 13790 | Abyss:1  | Noticed a large abomination
 13791 | Abyss:1  | - well shit
 13791 | Abyss:1  | Slain by a sixfirhy

Illustrated notes |!8.o.8? .. .# ≈#####≈ #.. ..####...####... ................ 8.............8. .K......K...... ............... ##''@## ##.....## ##.......## ≈#####.........### ≈≈≈≈≈≈....∩....≈≈≈ ≈≈≈≈≈≈.........≈≈≈≈ ♣♣♣♣♣♣♣♣♣.∩.♣♣♣♣♣♣♣ ♣♣♣♣♣ Turn 9295 on Bailey: - oh good loot i think

#...÷#≈.8...8.≈#....##.♣
###)###...)...###'###..♣♣
≈≈≈.#≈≈.8...8.≈ #.≈≈≈...♣
≈≈≈.#≈......... #)≈≈≈...♣
≈≈≈.#≈....∩....≈#.≈≈≈(..∩
≈≈≈.##..g......##.≈≈≈...♣
≈≈≈)#≈..8...8..≈#.≈≈≈(..♣
###'#≈.........≈#'###..♣♣
#...#o|!8...8?|≈#...##.♣
....##≈≈#####≈≈##o...##♣
.....####...####@))...##
............)..........#
8..8.............8..8..#
.......................#
.......÷÷..÷..........##
...8...##)')##...8...##
#.)...##.....##.....##
##...##.......##...##
≈#####.........#####
≈≈≈≈≈≈....∩....≈≈≈
≈≈≈≈≈≈.........≈≈≈≈


Turn 9708 on Bailey: - oh come on ##### ##### ##...## ##...## ##.....##
##.....## ##.......#######.......## ##..8..8...........8..8..##
#.........................# #..........@..............#
#...8......#'o'#.....)8...# ##......####)≈≈####†.....##
♣##.....#≈≈≈≈≈≈≈≈≈#.....##♣ ♣.##...÷#≈.8...8.≈#....##.♣
♣♣..###)###...)...###'###..♣♣ ♣.(.≈≈≈.#≈≈.8...8.≈≈#.≈≈≈...♣
♣♣...≈≈≈.#≈.........≈#)≈≈≈...♣ ♣∩...≈≈≈.#≈....∩....≈#.≈≈≈(..∩
♣♣.(.≈≈≈.##.........##.≈≈≈...♣ ♣..÷≈≈≈)#≈..8...8..≈#.≈≈≈(..♣ Turn 9778 on
Bailey: - not looking good ... ### ##≈## ##≈≈≈####### $#≈≈≈#.....# .#
##.##≈##.....# .##@######.....# .##...........# .#...........# #.#.#..#######
#.#.#..# #......# #.#.##.# #....(.# #....)<# #.#.##..# ######### Turn 11241 on
D:9: - well thats handy .. W # #. .# ###. ### .### ....#...... #.O#.#....
#...y.#### #@###≈## #.##≈≈≈####### #.#.#≈≈≈#.....# .#.##.##≈##.....#
..##.######.....# ..#.##...........# ### .#...........# #.#.#..####### #.#.#..#
#......# #.#.##.# Turn 11254 on D:9: - wow this hornet is a real problem
#..##.#..####### #..# #........#.....# #... #.....#..#.....# ##.#
#....##..#.....# #..# #........#.....# #.## #..####.##.....# #.#
#.......####.### #.# ##.###.......# #.# ###.####..#######.# #.........##..)...#
#.#@#......#.###### #..........#.# #..............# @...#.......(....#
####.#..###......(# .............### ##### ##.#......YY..# #.).. #.#.######...#
#)### #.# #...# #.# # #Y†@#####.# # #..Y....Y.# # Turn 13441 on D:10: - flippin
alarms #.# #........##.# #.# ######.#.##.# #.#### #...##.# .....# #..###.#
#.#..####### #..###.# .....#.....# #.@....# ..#..#.....# ##.##### .##..#.....#
#..# .....#.....# #.## ###.##.....# #.# ....####.### #♣# ##@......# #{#
##.####..#######[# .........##..).o.# .#.#......#.###### @..Y......#.#
......Y.....# ######## ....Y..(....# #......# ..###......(# #.#.#..#######
..........### ######..###.)YY..YY ......Y<..# #.).....Y.#..####.# Turn 13500 on
D:10: - ooh bad timing ..# .#. . # .#. .# # .. .. .. . .#.... . . .. #..##. #
.## .. .# #h.># #...##. . .#hh.### # .## . [#...#.#.#.. . ##.. X(.#..###... . .
#.... # ..#..# .# ##..#.###.....### #.@.##_#........ #..#3.....# #.##.. .. ....
#.....#....# . .#.. #..#.#.# .#.... .# #. #x.####...... ## . # #..#.# #.. #...
#..##.# #.# .#. . .... #. ## ## *# ##.... # . # #..#.# #..... # Turn 13791 on
Abyss:1: - well shit

Levels and vault maps discovered:
D:1:      lemuel_arrival_cross, layout_loops_ring
D:2:      layout_loops_ring, serial_shops, shop_fountains,
          hellmonk_ecumenical_altar_defaced_shrine, lightli_corner_chamber
D:3:      layout_loops_corners, mainiacjoe_overflow_catwalk
D:4:      layout_loops_ring, kennysheep_generic_room_15
D:5:      layout_basic, nzn_wu_jian_contemplation, minmay_temple_entry_junction
D:6:      layout_rooms
D:7:      layout_rooms, nicolae_qazlal_general_emergency,
          amcnicky_mini_pool_small
D:8:      layout_loops_cross, dpeg_lair_monsters, enter_bailey_3
D:9:      layout_loops_cross, nicolae_dithmenos_through_a_glass_darkly,
          serial_aquarium, aquarium_bridge_straight [aquarium_subvault_bridge,
          aquarium_subvault_window, aquarium_subvault_bridge,
          aquarium_subvault_wall], aquarium_bridge_island_large
          [aquarium_subvault_large_4_pools, aquarium_subvault_bridge,
          aquarium_subvault_window, aquarium_subvault_wall,
          aquarium_subvault_bridge], aquarium_window_2, aquarium_window_2,
          aquarium_window_2, aquarium_window_fake, aquarium_view_2d,
          aquarium_view_2d, aquarium_pool_2, uniq_erolcha
D:10:     layout_loops_cross, orc_david_3, uniq_maggie, uniq_gastronok,
          uniq_nergalle
Abyss:1:  base: D:2, bh_abyss_xom_lugonu_altar

Skill      XL: |  1  2  3  4  5  6  7  8  9 10 |
---------------+-------------------------------+-----
Conjurations   | 1 2 3 4 5 |  5.7
Air Magic      | 3 4 5 6 8 10 11 12 | 12.0
Spellcasting   | 2 3 5 |  5.0
Fighting       | 9 |  9.0
Dodging        | |  1.7
Stealth        | |  1.7

Action                   |  1- 3 |  4- 6 |  7- 9 | 10-12 || total
-------------------------+-------+-------+-------+-------++-------
Melee: Dagger            |       |     1 |    28 |    37 ||    66
       Whip              |       |       |     5 |       ||     5
Throw: Dart              |       |    10 |     7 |     3 ||    20
 Cast: Shock             |    74 |   150 |   161 |    32 ||   417
       Static Discharge  |       |     4 |    26 |    29 ||    59
       Airstrike         |       |       |       |     7 ||     7
 Abil: Evoke Blink       |       |       |       |     1 ||     1
Evoke: Wand              |       |       |     6 |     4 ||    10
       Lightning rod     |       |       |       |     1 ||     1
  Use: Scroll            |       |     6 |     8 |     4 ||    18
       Potion            |       |       |     4 |     2 ||     6
 Stab: Sleeping          |       |     1 |     2 |       ||     3
       Distracted        |       |       |     1 |       ||     1
Armor: Robe              |     4 |     8 |    58 |    42 ||   112
       Ring mail         |       |       |       |    28 ||    28
       Skin              |       |       |       |     8 ||     8
Dodge: Dodged            |    15 |    19 |    59 |    56 ||   149
